Unix NetHack Version 5.0.0-0 post-release - last build May 10 2026 23:12:36 (d1fa5d53e341ca933230fdaa984d921c805b60aa,branch:main).

Game began 2026-05-11 20:11:52, ended 2026-05-11 21:38:41.

BaeHund, neutral female gnomish Healer

                        ----------------------------
                        |.............M@...........|
                        |...e....!..*.*............. l
                        -..............)...........|
                      |............................|
                      ------------------------------G

                                                     h


                                                    ..|
                                                    ..|
                                                    ---

BaeHund the Embalmer         St:10 Dx:12 Co:15 In:10 Wi:13 Ch:17  Neutral
Dlvl:12 $:1595 HP:0(54) Pw:2(38) AC:8  Xp:6 T:2459  Stone

Latest messages:
 You miss the killer bee.
 The large dog bites the killer bee.
 The killer bee is killed!
 In what direction? .
 You feel better.
 You descend the stairs.
 There is a staircase up to level 11 here.
 You see here 4 rocks.
 The large dog drops a spear.
 The hobbit picks up a pair of hard shoes.
 The werewolf hits!
 You hit the cockatrice.
 The hobbit picks up a dagger.
 The cockatrice bites!
 The cockatrice touches you!
 You hear the cockatrice's hissing!
 The werewolf hits!
 What do you want to wield? [- a or ?*] P
 P - a cockatrice corpse (wielded).
 The large dog bites the killer bee.
 The killer bee is killed!
 The hobbit wields a dagger!
 The werewolf hits!
 You begin bashing monsters with your cockatrice corpse.
 You hit the werewolf with the cockatrice corpse.
 The werewolf is slowing down.
 The werewolf turns to stone.
 The hobbit picks up a zinc wand.
 The cockatrice bites!
 The cockatrice touches you!
 What do you want to wield? [- a or ?*] a
 a - a +0 scalpel (weapon in right hand).
 The cockatrice bites!
 The cockatrice touches you!
 You hear the cockatrice's hissing!
 You are slowing down.
 Are you sure you want to pray? [yn] (n) y
 You begin praying to Hermes.
 The hobbit zaps a zinc wand!
 You materialize in a different location!
 You hear some noises in the distance.
 Your limbs are stiffening.
 Your limbs have turned to stone.
 You have turned to stone.
 You are a statue.
 Do you want your possessions identified? [ynq] (y) y
 Do you want to see your attributes? [ynq] (y) y
 Do you want an account of creatures vanquished? [ynaq] (y) y
 Do you want to see your conduct and achievements? [ynq] (y) y
 Do you want to see the dungeon overview? [ynq] (y) y

Inventory:
 Coins    ('$')
  $ - 1595 gold pieces
 Weapons  (')')
  a - a +0 scalpel (weapon in right hand)
 Armor    ('[')
  b - an uncursed +1 pair of leather gloves (being worn)
  x - an uncursed +0 pair of iron shoes
  m - an uncursed +0 ring mail
 Comestibles  ('%')
  j - 2 uncursed apples
  l - 2 uncursed tripe rations
  P - an uncursed cockatrice corpse
 Scrolls  ('?')
  B - a cursed scroll of amnesia
  F - an uncursed scroll of blank paper
  v - a cursed scroll of blank paper
  A - an uncursed scroll of charging
  u - an uncursed scroll of confuse monster
  n - an uncursed scroll of enchant weapon
  I - an uncursed scroll of fire
  E - a cursed scroll of food detection
  O - a cursed scroll of identify
  r - an uncursed scroll of light
  C - a cursed scroll of remove curse
  D - a cursed scroll of teleportation
 Potions  ('!')
  p - an uncursed potion of water
 Wands    ('/')
  G - a wand of nothing (0:5)
  f - a wand of sleep (0:7)
 Tools    ('(')
  o - an uncursed magic whistle
  H - a cursed oil lamp
  c - an uncursed stethoscope
 Gems/Stones  ('*')
  z - an uncursed luckstone

BaeHund the Healer's attributes:

Background:
 You were an Embalmer, a level 6 female gnomish Healer.
 You were neutral, on a mission for Hermes
 who was opposed by Athena (lawful) and Poseidon (chaotic).
 You were right-handed.
 You were in the Gnomish Mines, on level 12.
 You entered the dungeon 2459 turns ago.
 You had 605 experience points, 35 more were needed to attain level 7.

Basics:
 You had 0 out of 54 hit points.
 You had 2 out of 38 energy points (spell power).
 Your armor class was 8.
 Your wallet contained 1595 zorkmids.
 Autopickup was off.

Final Characteristics:
 Your strength was 10 (limit:18/50).
 Your dexterity was 12 (limit:18).
 Your constitution was 15 (limit:18).
 Your intelligence was 10 (limit:19).
 Your wisdom was 13 (limit:18).
 Your charisma was 17 (limit:18).

Final Status:
 You turned into stone.
 You weren't hungry.
 You were unencumbered.
 You were wielding a knife.
 You had basic skill with knife.

Final Attributes:
 You were piously aligned.
 You were poison resistant.
 You had infravision.
 You were invisible.
 You were lucky.
 You had extra luck.
 Bad luck did not time out for you.
 Good luck did not time out for you.
 You are dead.

Miscellaneous:
 You encountered 1 bones level.
 Total elapsed playing time was 1 hour, 26 minutes and 48 seconds.

Major events:
 Turn
    1: BaeHund the neutral female gnomish Healer entered the dungeon
  726: entered the Gnomish Mines
 1532: reached Mine Town
 1679: attained the rank of Empiric (level 3)
 2369: attained the rank of Embalmer (level 6)
 2459: petrified by a cockatrice

Spells:
 Name                 Level Category     Fail Retention
 healing                1   healing        0%   81%-90%
 extra healing          3   healing        0%   81%-90%
 stone to flesh         3   healing       17%   81%-90%

Skills:
 Fighting Skills
   bare handed combat [Unskilled]
 Weapon Skills
   dagger             [Unskilled]
   knife              [Basic]
   short sword        [Unskilled]
   saber              [Unskilled]
   club               [Unskilled]
   mace               [Unskilled]
   quarterstaff       [Unskilled]
   polearms           [Unskilled]
   spear              [Unskilled]
   trident            [Unskilled]
   sling              [Unskilled]
   dart               [Unskilled]
   shuriken           [Unskilled]
   unicorn horn       [Unskilled]
 Spellcasting Skills
   healing spells     [Basic]

Voluntary challenges:
 Character rerolling was not enabled.
 You were illiterate.
 You never genocided any monsters.
 You never polymorphed an object.
 You never changed form.
 You used no wishes.
Achievements:
 You entered a shop.
 You entered the Gnomish Mines.
 You entered Minetown.
 You entered a temple.
 You attained the rank of Empiric.
 You attained the rank of Embalmer.

 The Dungeons of Doom: levels 1 to 4
    Level 1:
       Many altars, some fountains, many trees.
    Level 2:
       An armor shop, many fountains.
    Level 3:
       An armor shop.
       Stairs down to The Gnomish Mines.
    Level 4:
       A fountain, a grave.
 The Gnomish Mines: levels 4 to 12
    Level 4:
    Level 5:
    Level 6:
       A temple and an altar, some fountains, a grave.
       Final resting place for
          yeovil-Wiz-Hum-Mal-Neu, killed by Ms. Possogroenoe; the shopkeeper,
          yeovil-Wiz-Hum-Mal-Neu, killed by a boiling potion.
    Level 7:
    Level 8:
    Level 9:
    Level 10:
    Level 11:
    Level 12: <- You were here.
       Final resting place for
          you, petrified by a cockatrice.


Vanquished creatures:
  a ghost
 an ettin mummy
  a cockatrice
  a giant spider
  2 werewolves
  2 dust vortices
  a gnome leader
  a kitten
  2 dwarves
  2 homunculi
  2 orc zombies
  a dwarf zombie
  a werejackal
 an iguana
  4 killer bees
  6 hobbits
  3 manes
  a hobgoblin
  a green mold
  3 gnomes
  a gecko
  4 jackals
  3 foxes
  2 kobolds
  2 goblins
  4 grid bugs
  3 lichens
  a kobold zombie
  8 newts
65 creatures vanquished.

No species were genocided or became extinct.

Game over:
                       ----------
                      /          \
                     /    REST    \
                    /      IN      \
                   /     PEACE      \
                  /                  \
                  |     BaeHund      |
                  |     1595 Au      |
                  |  petrified by a  |
                  |    cockatrice    |
                  |                  |
                  |                  |
                  |       2026       |
                 *|     *  *  *      | *
        _________)/\\_//(\/(/\)/\//\/|_)_______

Goodbye BaeHund the Healer...

You turned to stone in The Gnomish Mines on dungeon level 12 with 3221 points,
and 1595 pieces of gold, after 2459 moves.
You were level 6 with a maximum of 54 hit points when you turned to stone.

